 Dungeon Crawl Stone Soup version 0.14-a0-2162-g062a2ce (webtiles) character file.

24918 HollowCharge the Cleaver (level 12, -7/104 HPs)
             Began as a Demigod Gladiator on Jan 27, 2014.
             Mangled by Maud
             ... wielding a +2,+0 demon trident
              (19 damage)
             ... on Level 5 of the Lair of Beasts on Jan 28, 2014.
             The game lasted 01:56:38 (25771 turns).

HollowCharge the Cleaver (Demigod Gladiator)       Turns: 25771, Time: 01:56:39

HP  -7/104       AC 19     Str 27      XL: 12   Next: 45%
MP  19/19        EV 12     Int 16      God:
Gold 629         SH  0     Dex 17      Spells:  0 memorised, 11 levels left

rFire  + . .     SeeInvis +     f - +1,+2 executioner's axe of Wefei {chop, rC++ rN+ Int+4 SInv}
rCold  + + +     Clarity  .     m - +2 elf chain mail {rF+}
rNeg   + . .     Conserve .     (no shield)
rPois  .         rCorr    .     c - +0 helmet
rElec  .         rRot     .     e - +2 cloak
SustAb . .       Spirit   .     Q - +0 pair of gloves
rMut   +         Warding  .     (no boots)
Saprov . . .     Stasis   .     h - amulet of resist mutation
MR     ++...                    q - ring of protection from magic
                                g - ring of protection from cold

@: very resistant to hostile enchantments, extremely unstealthy
A: no striking features
a: no special abilities


You were on level 5 of the Lair of Beasts.
You were not hungry.

You visited 2 branches of the dungeon, and saw 16 of its levels.

You collected 741 gold pieces.
You spent 112 gold pieces at shops.

Inventory:

Hand weapons
 f - the +1,+2 executioner's axe of Wefei (weapon) {chop, rC++ rN+ Int+4 SInv}
   (You acquired it on level 3 of the Lair of Beasts)

   It inflicts extra damage upon your enemies.
   It affects your intelligence (+4).
   It greatly protects you from cold.
   It protects you from negative energy.
   It enhances your eyesight.
 x - a +2,+4 orcish hand axe
 M - a +1,+0 dwarven battleaxe
Missiles
 d - 3 throwing nets (quivered)
Armour
 c - a +0 helmet (worn)
 e - a +2 cloak (worn)
 j - a +1 ring mail of poison resistance
 m - a +2 elven chain mail of fire resistance (worn)
 o - a +1 buckler
 p - the +3 hat of Pondering {ponderous, MR+ MP+10 Int+5}
   (You took it off Gastronok on level 9 of the Dungeon)

   It affects your intelligence (+5).
   It affects your resistance to hostile enchantments.
   It affects your magic capacity (+10).
 C - a +0 scale mail of cold resistance
 Q - a +0 pair of gloves (worn)
 W - the cursed -1 robe of Shielding {rF+ Dam+6, unknown}
   (You found it on level 5 of the Lair of Beasts)

   It affects your damage with ranged weapons and melee attacks (+6).
   It protects you from fire.
   It has a curse placed upon it.
Magical devices
 u - a wand of draining (0)
 w - a wand of digging (21)
 B - a wand of flame (9)
Comestibles
 b - 7 honeycombs
 r - 2 apples
 t - a lychee
 z - 4 chokos
 H - a bread ration
 U - a pear
Scrolls
 i - a scroll of summoning
 l - 6 scrolls of teleportation
 y - 4 scrolls of remove curse
 F - a scroll of enchant weapon II
 I - a scroll of vulnerability
 J - a scroll of identify
 K - 2 scrolls of amnesia
 R - 3 scrolls of fog
Jewellery
 g - a ring of protection from cold (left hand)
 h - an amulet of resist mutation (around neck)
 q - a ring of protection from magic (right hand)
 E - an uncursed ring of protection from cold
 P - an uncursed amulet of stasis {unknown}
Potions
 a - 2 potions of restore abilities
 k - a potion of agility
 n - 7 potions of curing
 O - a potion of speed
 S - a potion of brilliance
Books
 v - a book of Fire

   Spells                             Type                      Level
   Fire Brand                         Charms/Fire                  2
   Ignite Poison                      Fire/Transmutation           5
   Fireball                           Conjuration/Fire             5
   Bolt of Fire                       Conjuration/Fire             6
   Delayed Fireball                   Conjuration/Fire             7
   Ring of Flames                     Charms/Fire                  7
 D - a book of Flames

   Spells                             Type                      Level
   Flame Tongue                       Conjuration/Fire             1
   Throw Flame                        Conjuration/Fire             2
   Conjure Flame                      Conjuration/Fire             3
   Inner Flame                        Hexes/Fire                   3
   Sticky Flame                       Conjuration/Fire             4
   Fireball                           Conjuration/Fire             5
Miscellaneous
 s - a crystal ball of energy
 G - a lantern of shadows
 L - a sack of spiders
 T - a fan of gales
 V - a phial of floods
Rods
 A - a +0 rod of frigid destruction (10/10)
   (You took it off a centaur on level 5 of the Dungeon)


   Skills:
 + Level 9.2 Fighting
 * Level 12.7 Axes
 - Level 1.7 Throwing
 + Level 9.0 Armour
 + Level 9.6 Dodging


You had 11 spell levels left.
You didn't know any spells.

Dungeon Overview and Level Annotations

Branches:
Dungeon (11/16)            Temple (0/1) D:6             Orc (0/4) D:11
   Lair (5/8) D:11         Shoals (0/5) Lair:5       Spider (0/5) Lair:3

Shops:
D:6 *

Annotations:
D:3 1 exclusion
D:10 exclusion: 2 oklob saplings
D:11 exclusion: silver statue
Lair:5 Maud


Message History

You hit Maud but do no damage.
Maud is lightly wounded.
Maud hits you with a demon trident!
* * * LOW HITPOINT WARNING * * *
You cut Maud into ribbons!!!
Maud is heavily wounded.
You slash the fungus!
The fungus is severely damaged.
Maud hits you with a demon trident!
* * * LOW HITPOINT WARNING * * *
You slice the fungus!!
You destroy the fungus!
You slice Maud!!
Maud is almost dead.
Maud screams, "I want it!"
Maud misses you.
You hit Maud.
Maud is almost dead.
Maud drinks a potion.
Maud is healed!
Maud hits you with a demon trident!
You die...

≈≈≈# ###..# ##.#
≈≈≈####.#..### ###.##
≈≈≈≈≈#..#....###.#.###
≈≈≈..................#
≈≈...................###
.......................#
.....................)##
.......(..............#
................@....#.#
....#..#...#..#.@#....##
.....###.........##.##.#
P.P..###.#..#..P##### ##
###..##.#..###....##
########.#.P#......#
.......#...........#
...................##
......f............f#


You could see Maud.

Vanquished Creatures
  Gastronok (D:9)
  Harold (Lair:4)
  A hydra (Lair:5)
  A griffon (Lair:5)
  3 elephants (Lair:5)
  A cyclops (D:11)
  3 black mambas
  4 spiny frogs
  A feature mimic (D:11)
  3 fire drakes
  A queen bee (Lair:1)
  7 blink frogs
  2 komodo dragons
  3 trolls
  3 basilisks
  A wraith (D:11)
  A hill giant zombie (D:11)
  2 hippogriffs
  2 sharks
  11 yaks
  14 wolves
  3 manticores (D:11)
  4 porcupines
  A wandering mushroom (D:10)
  A necrophage (D:10)
  2 black bears
  A phantom (D:7)
  3 sky beasts
  A giant goldfish (Lair:1)
  An ice beast (D:8)
  8 ogres
  6 orc warriors
  7 crocodiles
  5 centaurs
  A warg (D:11)
  Sigmund (D:6)
  Duvessa (D:4)
  A big kobold (D:10)
  2 giant slugs
  10 giant frogs
  7 water moccasins
  Blork the orc (D:7)
  A brain worm (D:11)
  A gnoll sergeant (D:10)
  4 agate snails
  A jellyfish (Lair:1)
  5 jellies
  3 wights (D:10)
  An electric eel (Lair:1)
  2 goliath beetles
  8 crimson imps
  26 killer bees
  Dowan (D:5)
  8 spiders (Lair:3)
  4 orc priests
  7 hounds
  A gnoll shaman (D:10)
  8 iguanas
  11 orc wizards
  2 scorpions
  13 worker ants
  An ogre skeleton (D:5)
  16 adders
  17 gnolls
  2 giant centipedes
  42 green rats (Lair:3)
  A lemure (D:11)
  An orc skeleton (D:7)
  3 giant mites
  A goliath beetle zombie (D:9)
  An inept item mimic (D:7)
  10 worms
  2 ufetubi (D:11)
  An iguana zombie (D:9)
  A scorpion zombie (D:5)
  3 adder skeletons
  4 giant eyeballs
  7 giant geckos
  An ooze (D:5)
  38 orcs
  20 bats
  A bat zombie (D:7)
  13 goblins
  A grey rat (D:9)
  15 hobgoblins
  18 jackals
  18 kobolds
  13 quokkas
  A ball python (D:3)
  8 giant cockroaches
  4 giant newts
  A jackal skeleton (D:5)
  2 quokka zombies
  26 rats
  14 ballistomycetes (D:11)
  6 fungi
  2 plants
555 creatures vanquished.

Vanquished Creatures (others)
  A silver statue (D:11)
  17 giant spores (D:11)
  9 ballistomycetes (D:11)
  3 fungi (Lair:5)
30 creatures vanquished.

Grand Total: 585 creatures vanquished

Notes
Turn   | Place    | Note
--------------------------------------------------------------
     0 | D:1      | HollowCharge, the Demigod Gladiator, began the quest for the Orb.
     0 | D:1      | Reached XP level 1. HP: 17/17 MP: 2/2
   269 | D:1      | Reached XP level 2. HP: 8/24 MP: 3/3
  1175 | D:2      | Reached skill level 3 in Axes
  1399 | D:2      | Reached XP level 3. HP: 21/30 MP: 5/5
  1442 | D:2      | Reached skill level 1 in Armour
  1871 | D:3      | Noticed an ogre
  2031 | D:3      | Reached XP level 4. HP: 34/37 MP: 7/7
  2575 | D:4      | Noticed an ogre
  2589 | D:4      | Killed an ogre
  2589 | D:4      | Reached skill level 4 in Axes
  2589 | D:4      | Reached XP level 5. HP: 15/45 MP: 8/8
  2805 | D:4      | Got a tattered robe
  2815 | D:4      | Identified the +2 robe of Klepaag {+Fly MR++ Acc+2 Stlth-} (You found it on level 4 of the Dungeon)
  3341 | D:4      | Noticed a black bear
  3360 | D:4      | Killed a black bear
  3360 | D:4      | Reached XP level 6. HP: 18/51 MP: 10/10
  4144 | D:5      | Entered Level 5 of the Dungeon
  4544 | D:5      | Reached skill level 5 in Axes
  4641 | D:5      | Noticed Dowan
  4694 | D:5      | Killed Dowan
  5214 | D:5      | Noticed Duvessa
  5349 | D:4      | Reached XP level 7. HP: 50/58 MP: 12/12
  5444 | D:4      | Killed Duvessa
  6447 | D:3      | Killed an ogre
  6752 | D:5      | Reached skill level 6 in Axes
  7114 | D:6      | Found Moyxudye's General Store.
  7137 | D:6      | Reached XP level 8. HP: 64/67 MP: 13/13
  7158 | D:6      | Bought 2 scrolls of identify for 56 gold pieces
  7158 | D:6      | Bought a scroll of identify for 28 gold pieces
  7166 | D:6      | Bought a scroll of identify for 28 gold pieces
  7684 | D:6      | Noticed Sigmund
  7697 | D:6      | Killed Sigmund
  7780 | D:6      | Found a staircase to the Ecumenical Temple.
  7898 | D:6      | Reached skill level 5 in Dodging
  7967 | D:7      | Noticed Blork the orc
  7979 | D:7      | Killed Blork the orc
  8047 | D:7      | Reached skill level 5 in Fighting
  8047 | D:7      | Reached skill level 7 in Axes
  9518 | D:8      | Reached XP level 9. HP: 74/74 MP: 15/15
  9591 | D:8      | Paralysed by a giant eyeball for 2 turns
  9608 | D:8      | Reached skill level 5 in Armour
 10253 | D:8      | Reached skill level 8 in Axes
 10740 | D:9      | Found a bloodstained altar of Trog.
 10783 | D:9      | Noticed Gastronok
 11657 | D:9      | Found a burning altar of Makhleb.
 11808 | D:9      | Killed Gastronok
 12341 | D:10     | Entered Level 10 of the Dungeon
 12397 | D:10     | Reached skill level 9 in Axes
 12631 | D:10     | Paralysed by a giant eyeball for 3 turns
 12815 | D:10     | Reached XP level 10. HP: 45/84 MP: 17/17
 14047 | D:10     | Found a blossoming altar of Fedhas.
 14522 | D:11     | Found a staircase to the Orcish Mines.
 14555 | D:11     | Found a staircase to the Lair.
 15383 | D:11     | Reached skill level 10 in Axes
 16591 | D:11     | Noticed a cyclops
 16621 | D:11     | Killed a cyclops
 17180 | D:11     | Found Fyxidgha's Magical Wand Shoppe.
 17201 | D:11     | Fyxidgha's Magical Wand Shoppe was a mimic.
 17609 | D:11     | Reached XP level 11. HP: 37/92 MP: 18/18
 17923 | Lair:1   | Entered Level 1 of the Lair of Beasts
 17966 | Lair:1   | Upgraded the game from 0.14-a0-2124-ga163777 to 0.14-a0-2162-g062a2ce
 18697 | Lair:1   | Reached skill level 11 in Axes
 22335 | Lair:3   | Identified a scroll of acquirement
 22338 | Lair:3   | Got a bloodstained executioner's axe
 22615 | Lair:3   | Identified the +1,+2 executioner's axe of Wefei {chop, rC++ rN+ Int+4 SInv} (You acquired it on level 3 of the Lair of Beasts)
 23311 | Lair:3   | Found a hole to the Spider Nest.
 23345 | Lair:3   | Identified a +0 rod of frigid destruction (10/10) (You took it off a centaur on level 5 of the Dungeon)
 23591 | Lair:4   | Reached skill level 12 in Axes
 23591 | Lair:4   | Reached XP level 12. HP: 24/103 MP: 19/19
 23927 | Lair:4   | Noticed Harold
 23942 | Lair:4   | Killed Harold
 25122 | Lair:5   | Noticed a six-headed hydra
 25127 | Lair:5   | Killed a six-headed hydra
 25313 | Lair:5   | Found a staircase to the Shoals.
 25343 | Lair:5   | Got a creamy pearl robe
 25424 | Lair:5   | Noticed Maud
 25771 | Lair:5   | Mangled by Maud

Action                   |  1- 3 |  4- 6 |  7- 9 | 10-12 || total
-------------------------+-------+-------+-------+-------++-------
Melee: Hand axe          |   132 |   333 |   699 |  1314 ||  2478
       Executioner's axe |       |       |       |   238 ||   238
Throw: Throwing net      |     1 |       |       |       ||     1
Evoke: Wand              |       |       |       |    20 ||    20
  Use: Scroll            |       |    14 |    17 |    12 ||    43
       Potion            |       |       |     4 |    13 ||    17
